 Dungeon Crawl Stone Soup version 0.17-a0-1987-gaf5a542 (webtiles) character file.

1276 4thArraOfDagon the Cleaver (level 8, -1/112 HPs)
             Began as a Deep Dwarf Berserker on Oct 6, 2015.
             Was a Follower of Trog.
             Slain by an ogre
             ... wielding a +0 giant club
              (16 damage)
             ... on level 11 of the Dungeon.
             The game lasted 00:08:15 (1563 turns).

4thArraOfDagon the Cleaver (Deep Dwarf Berserker)   Turns: 1563, Time: 00:08:15

Health: -1/112     AC: 16    Str: 27      XL:     8   Next: 29%
Magic:  9/9        EV:  8    Int: 11      God:    Trog [*.....]
Gold:   141        SH:  0    Dex: 11 (12) Spells: 0 memorised, 7 levels left

rFire  + . .     SeeInvis .     a - +0 hand axe
rCold  . . .     Clarity  +     y - +0 plate armour
rNeg   . . .     SustAt   .     (no shield)
rPois  +         Gourm    .     b - +0 helmet
rElec  .         Spirit   .     z - +0 cloak
rCorr  .         Warding  .     q - +0 pair of gloves
rMut   .         Stasis   .     (no boots)
MR     +....                    (no amulet)
Stlth  ..........               f - +4 ring of intelligence
                                t - ring of poison resistance

@: berserking, non-regenerating, very quick, somewhat resistant to hostile
enchantments, extremely unstealthy
A: damage resistance, recharge devices, blink, clarity, dopey 1, fire resistance
1, mutation resistance 1, sense surroundings 1, slow regeneration 3
a: Device Recharging, Blink, Burn Spellbooks, Berserk, Renounce Religion


You were on level 11 of the Dungeon.
You worshipped Trog.
Trog was aware of your devotion.
You were not hungry.

You visited 1 branch of the dungeon, and saw 11 of its levels.

You collected 141 gold pieces.

Inventory:

Hand Weapons
 a - a +0 hand axe (weapon)
Armour
 b - a +0 helmet (worn)
 q - a +0 pair of gloves (worn)
 y - a +0 plate armour (worn)
 z - a +0 cloak (worn)
Jewellery
 f - a +4 ring of intelligence (right hand)
 p - an uncursed ring of teleportation
 t - a ring of poison resistance (left hand)
Wands
 c - a wand of heal wounds (2)
 r - a wand of draining (5)
 A - a wand of magic darts (8)
Scrolls
 g - 2 scrolls of blinking
 h - a scroll of remove curse
 m - a scroll of fog {unknown}
 u - a scroll of recharging {unknown}
 v - 2 scrolls of noise {unknown}
 x - a scroll of acquirement {unknown}
 B - a scroll of magic mapping {unknown}
 D - a scroll of identify
Potions
 e - a potion of resistance {unknown}
 j - a potion of brilliance {unknown}
 k - a potion of cancellation {unknown}
 l - 2 potions of heal wounds {unknown}
 n - a potion of agility {unknown}
 o - a potion of curing
 w - 3 potions of poison {unknown}
Comestibles
 d - 3 bread rations
 i - 4 chunks of flesh
 s - a meat ration
 C - 24 fruits


   Skills:
 + Level 5.4 Fighting
 * Level 8.3 Axes
 + Level 5.6 Armour
 - Level 2.1 Dodging
 + Level 1.6 Evocations


You had 7 spell levels left.
You didn't know any spells.

Dungeon Overview and Level Annotations

Branches:
Dungeon (11/15)
 Temple: D:4-7         Lair: D:8-11         Orc: D:9-12

Altars:

Annotations:
D:7 George's ghost, novice HOGl


Innate Abilities, Weirdness & Mutations

You are resistant to damage.
You can recharge devices by infusing magical energy.
You passively map a small area around you.
You do not regenerate naturally.
You can translocate small distances at will.
You possess an exceptional clarity of mind.
You are dopey. (Int -2)
Your flesh is heat resistant.
You are somewhat resistant to further mutation.


Message History

You feel clumsy.
Unknown command.
The quasit closely misses you.
The quasit claws you but does no damage. x2
Unknown command.
Use which ability?
You're too exhausted to go berserk.
Unknown command.
You feel less exhausted. The ogre hits you with a giant club!!
* * * LOW HITPOINT WARNING * * *
Unknown command.
Use which ability?
A red film seems to cover your vision as you go berserk!
You feel yourself moving faster!
You feel mighty!
You feel somewhat more hungry.
The quasit bites you but does no damage.
The quasit misses you. The quasit barely misses you.
The ogre hits you with a giant club!!
You die...

*###..<#.##.##.##
#.............#
*#.......##.####
#..(......#.#
#.......(.#.#####
#.........#.....########
*
##.......######......O..
, *
#.......######O###...#.
* ###...###.....@# ** ##
+ *##.####5# ,
*#..S....# * ,*, , ,
.....##.# *,, , * #..#
#<# * ,.. *#.# *, * ,
,..# , ### , * * ,,


You could see an ogre and a quasit.

Vanquished Creatures
  A troll (D:10)
  A wyvern (D:11)
  2 sky beasts
  An ogre (D:10)
  A big kobold (D:10)
  3 giant frogs
  A hound (D:5)
  An orc priest (D:7)
  A centaur skeleton (D:3)
  2 orc wizards
  An iguana (D:4)
  4 worker ants
  A quasit (D:10)
  A hound zombie (D:5)
  A hound skeleton (D:4)
  3 adders
  An ooze (D:2)
  An adder skeleton (D:5)
  A worm (D:2)
  8 orcs
  A goblin (D:2)
  2 hobgoblins (D:2)
  6 jackals (D:2)
  4 quokkas
  A giant cockroach (D:2)
  3 giant geckos
  A giant gecko skeleton (D:5)
  2 kobolds
  2 rats (D:2)
58 creatures vanquished.

Notes
Turn   | Place    | Note
--------------------------------------------------------------
     0 | D:1      | 4thArraOfDagon the Deep Dwarf Berserker began the quest for the Orb.
     0 | D:1      | Reached XP level 1. HP: 20/20 MP: 1/1
    37 | D:2      | Reached XP level 2. HP: 27/27 MP: 2/2
   191 | D:3      | Reached skill level 4 in Axes
   191 | D:3      | Reached XP level 3. HP: 20/34 MP: 3/3
   266 | D:4      | Reached XP level 4. HP: 29/42 MP: 4/4
   378 | D:5      | Entered Level 5 of the Dungeon
   610 | D:4      | Reached XP level 5. HP: 32/50 MP: 5/5
   646 | D:4      | Reached skill level 5 in Axes
   692 | D:5      | Acquired Trog's second power
   986 | D:7      | Noticed a sky beast
  1000 | D:7      | Killed a sky beast
  1000 | D:7      | Reached XP level 6. HP: 57/57 MP: 6/6
  1001 | D:7      | Reached skill level 6 in Axes
  1011 | D:7      | Gained mutation: Your flesh is heat resistant. [mutagenic meat]
  1012 | D:7      | Gained mutation: You are dopey. (Int -2) [mutagenic meat]
  1013 | D:7      | Gained mutation: You possess an exceptional clarity of mind. [mutagenic meat]
  1014 | D:7      | Gained mutation: You are somewhat resistant to further mutation. [mutagenic meat]
  1015 | D:7      | Gained mutation: You can translocate small distances at will. [mutagenic meat]
  1130 | D:7      | Reached XP level 7. HP: 25/66 MP: 7/7
  1144 | D:7      | Noticed George's ghost (novice HOGl)
  1163 | D:7      | HP: 3/66 [George's ghost (14)]
  1278 | D:9      | Noticed a gargoyle
  1300 | D:10     | Entered Level 10 of the Dungeon
  1316 | D:10     | Reached skill level 7 in Axes
  1378 | D:10     | Noticed a troll
  1386 | D:10     | Killed a troll
  1386 | D:10     | Reached skill level 5 in Fighting
  1386 | D:10     | Reached skill level 5 in Armour
  1386 | D:10     | Reached XP level 8. HP: 35/74 MP: 8/8
  1444 | D:10     | Reached skill level 8 in Axes
  1446 | D:10     | Reached skill level 1 in Evocations
  1563 | D:11     | Slain by an ogre

Vault maps used:
D:1:      dpeg_arrival_brainrot
D:2:      first_bread, minmay_misc_feat_tiny
D:3:      nicolae_ru_awakened_eye
D:5:      hangedman_abyss_or_decor_lesser_grid
D:6:      st_stairs_7
D:7:      minmay_temple_entry_glassed_door, serial_glass, glass_columns_a,
          glass_columns_a, glass_columns_b, glass_columns_b, glass_columns_a,
          glass_columns_a, ashenzari_altar_1
D:9:      david_lair_shrubbed
D:10:     erik_orc_3, basic_altar, blue_anna_alchemist
D:11:     grunt_decor_arrowhead, onia_ninara_cookie

Action                   |  1- 3 |  4- 6 |  7- 9 || total
-------------------------+-------+-------+-------++-------
Melee: Hand axe          |    48 |   145 |    34 ||   227
Invok: Berserk           |     2 |     4 |     6 ||    12
       Trog's Hand       |       |     3 |     3 ||     6
Evoke: Wand              |     1 |     1 |     1 ||     3
  Use: Scroll            |       |     4 |     1 ||     5
       Potion            |       |     1 |       ||     1
 Stab: Sleeping          |     1 |       |       ||     1
  Eat: Chunk             |       |    13 |     8 ||    21
